 Dungeon Crawl Stone Soup version 0.31-a0-1321-g5021b54cb2 (webtiles) character file.

Game seed: 144054678777983158

4771 Drazool the Thaumaturge (level 10, -1/78 HPs)
             Began as a Djinni Fire Elementalist on Dec 20, 2023.
             Was a Believer of Ashenzari.
             Slain by Harold
             ... wielding a +0 dire flail
              (20 damage)
             ... on level 9 of the Dungeon.
             The game lasted 00:33:18 (8185 turns).

Drazool the Thaumaturge (Djinni Fire Elementalist)  Turns: 8185, Time: 00:33:19

Health: -1/78      AC: -3    Str:  7    XL:     10   Next: 75%
Gold:   409        EV: 15    Int: 21    God:    Ashenzari [**....] SH:  0 Dex: 20

rFire   + + .        d - +2 dagger of the Ruined Sky {freeze, Bglg, Sorc} (curse)
rCold   x . .        (no shield)
rNeg    + . .        a - +0 robe of Ashenzari's Sun {Comp, Fort} (curse)
rPois   ∞            (no helmet)
rElec   .            (no cloak)
rCorr   .            v - +2 pair of gloves "Cursed Foul Odours" {Self, Bglg} (curse)
SInv    +            (boots unavailable)
Will    +....        (no amulet)
Stlth   ++           y - ring of Jenem {rN+ Dex+6 Slay+3}
HPRegen 0.33/turn    (no ring)
MPRegen 0.00/turn

%: infuse magic (-2 HP)
@: marked, corroded, flying, studying Unarmed Combat
A: sickness immunity, fire resistance 2, cold vulnerability 1, float, innate
caster, HP casting, extra vitality 1
a: Renounce Religion, Curse Item, Shatter the Chains


You were on level 9 of the Dungeon.
You worshipped Ashenzari.
Ashenzari was pleased with you.
You visited 2 branches of the dungeon, and saw 10 of its levels.
You also visited: Sewer and Ossuary.

You collected 437 gold pieces.
You spent 28 gold pieces at shops.


Innate Abilities, Weirdness & Mutations

You are immune to sickness and miasma.
You are immune to poison.
Your flesh is very heat resistant. (rF++)
You are vulnerable to cold. (rC-)
You float through the air rather than walking.
You learn spells naturally, not from books.
Your magical power is your life essence.
You have superior vitality. (+4 MHP)


   Skills:
 - Level 7.8(9.0) Fighting
 - Level 5.0 Dodging
 - Level 1.5 Stealth
 * Level 10.1(11.2) Spellcasting
 * Level 10.1(11.2) Conjurations
 * Level 10.1(11.8) Hexes
   Level 0.0 Charms
 * Level 10.1(11.2) Summonings
 * Level 10.1(11.2) Necromancy
 * Level 10.1(11.8) Translocations
   Level 0.0 Transmutations
 * Level 10.1 Fire Magic
 * Level 10.1 Ice Magic
 * Level 10.1 Air Magic
 * Level 10.1 Earth Magic
 * Level 10.1(11.2) Alchemy


You knew the following spells:

 Your Spells              Type           Power      Damage    Failure   Level
c - Cause Fear            Hex            28%        N/A       1%          4
d - Dazzling Flash        Conj/Hex       100%       N/A       1%          3
f - Foxfire               Conj/Fire      100%       2x1d9     1%          1
r - Inner Flame           Hex/Fire       55%        N/A       1%          3
t - Static Discharge      Conj/Air       100%       3-8/arc   1%          2
z - Summon Small Mammal   Summ           100%       N/A       1%          1
X - Scorch                Fire           100%       2d9       1%          2
Y - Volatile Blastmotes   Fire/Tloc      100%       2d18      1%          3
Z - Flame Wave            Conj/Fire      54%        2d13      1%          4
Your spell library was empty.

Inventory:

Hand Weapons
 d - the cursed +2 dagger of the Ruined Sky (weapon) {freeze, Bglg, Sorc}
   (You took it off a goblin on level 1 of the Dungeon)

   It has a curse which improves the following skills: Beguiling: Hexes and
   Translocations.
   Sorcery:   Conjurations and Alchemy.
 x - a +0 demon whip of venom
Armour
 a - the cursed +0 robe of Ashenzari's Sun (worn) {Comp, Fort}

   It has a curse which improves the following skills: Companions: Summonings
   and Necromancy.
   Fortitude: Armour and Shields.
 v - the cursed +2 pair of gloves "Cursed Foul Odours" (worn) {Self, Bglg}
   (You found it on level 7 of the Dungeon)

   It has a curse which improves the following skills: Introspection: Fighting
   and Spellcasting.
   Beguiling: Hexes and Translocations.
Jewellery
 y - the ring of Jenem (left hand) {rN+ Dex+6 Slay+3}
   (You found it on level 6 of the Dungeon)

   [ring of dexterity]

   Dex+6:     It affects your dexterity (+6).
   Slay+3:    It affects your accuracy & damage with ranged weapons and melee
   (+3).
   rN+:       It protects you from negative energy.
Wands
 h - a wand of acid (11)
 i - a wand of polymorph (9)
 m - a wand of paralysis (9)
Scrolls
 e - 5 scrolls of blinking
 f - 3 scrolls of teleportation {@r2}
 g - 6 scrolls of revelation
 j - 2 scrolls of vulnerability
 k - a scroll of noise
 o - 2 scrolls of enchant armour
 p - 2 scrolls of immolation
 q - 2 scrolls of silence {!r}
 r - a scroll of enchant weapon
 w - a scroll of fear
Potions
 b - 3 potions of haste {@q3}
 c - a potion of ambrosia
 l - 3 potions of curing {@q1}
 n - 2 potions of heal wounds {@q2}
 s - 5 potions of mutation
 t - a potion of resistance
 u - 3 potions of might
 z - 3 potions of attraction
 A - a potion of enlightenment
 B - a potion of brilliance

Dungeon Overview and Level Annotations

Branches:
Dungeon (9/15)             Temple (1/1) D:5           Sewer (visited)
Ossuary (visited)
   Lair: D:8-11         Orc: D:9-12

Altars:
Ashenzari
Cheibriados
Dithmenos
Elyvilon
Fedhas
Gozag
Hepliaklqana
Makhleb
Nemelex Xobeh
Okawaru
Qazlal
Trog
Uskayaw
Yredelemnul
Zin
The Shining One

Shops:
D:2 *

Annotations:
D:9 Harold

......# #.........#
......# +.........#
......# #.........+
......+ #.........#
......# #........>#
###'### #.@..{....#
#..# ####'# #.##
#.@..# #.# ###@####
##)###### ####......#
#.......###..'......#
#.......#...##......+
'.......'.####......#
#.......### #......#
#..<....# #......#
######### ########


You could see Harold.


Message History

Harold zaps a wand.
The bolt of acid hits you!
* * * LOW HITPOINT WARNING * * *
The acid corrodes you! Harold gestures at you while chanting.
A sentinel's mark forms upon you.
There is an open door here.
Harold fires a harpoon shot at you. The harpoon shot hits you!
* * * LOW HITPOINT WARNING * * *
You are yanked forward by the harpoon shot.
There is an open door here.
Casting: Volatile Blastmotes (safe; 1% risk of failure)
Confirm with . or Enter, or press ? or * to list all spells.
Casting: Flame Wave (mildly dangerous; 1% risk of failure)
Press: ? - help, Dir - look around, f - activate A wave of flame ripples out!
The flame wave engulfs Harold.
Harold is severely wounded. (Press . to intensify the flame waves.)
* * * LOW HITPOINT WARNING * * *
The cloud of blastmotes explodes!
The concussive blast engulfs you. You resist.
* * * LOW HITPOINT WARNING * * *
The cloud of blastmotes explodes!
Harold casts a spell at you. The mark upon you grows brighter.
A wave of flame ripples out!
The flame wave engulfs Harold!
Harold is almost dead.
* * * LOW HITPOINT WARNING * * *
Harold hits you with a +0 dire flail!!
You die...
Harold sighs, "Finally, I can get that nice plot of land and settle down."

Skill      XL: |  1  2  3  4  5  6  7  8  9 10 |
---------------+-------------------------------+-----
Spellcasting   | 4 5 6 7 8 10 | 10.1
Conjurations   | 4 5 6 7 8 10 | 10.1
Hexes          | 4 5 6 7 8 10 | 10.1
Summonings     | 4 5 6 7 8 10 | 10.1
Necromancy     | 4 5 6 7 8 10 | 10.1
Translocations | 4 5 6 7 8 10 | 10.1
Fire Magic     | 4 5 6 7 8 10 | 10.1
Ice Magic      | 4 5 6 7 8 10 | 10.1
Air Magic      | 4 5 6 7 8 10 | 10.1
Earth Magic    | 4 5 6 7 8 10 | 10.1
Alchemy        | 4 5 6 7 8 10 | 10.1
Fighting       | 4 5 7 |  7.8
Dodging        | 5 |  5.0
Stealth        | |  1.5

Action                     |  1- 3 |  4- 6 |  7- 9 | 10-12 || total
---------------------------+-------+-------+-------+-------++-------
  Melee: Dagger            |       |       |       |     2 ||     2
   Cast: Foxfire           |    56 |    56 |   165 |   153 ||   430
         Scorch            |     2 |    12 |    12 |     7 ||    33
         Volatile Blastmot |       |       |    23 |    10 ||    33
         Flame Wave        |       |       |     8 |    13 ||    21
         Cause Fear        |       |       |       |     2 ||     2
 Invoke: Curse Item        |       |       |     1 |     2 ||     3
    Use: Scroll            |       |     4 |     7 |       ||    11
         Potion            |       |     2 |       |       ||     2
 Armour: Robe              |     9 |    11 |    28 |    15 ||    63
  Dodge: Dodged            |     6 |     7 |    28 |    10 ||    51

Levels and vault maps discovered:
D:1:      amcnicky_arrival_wind_blow, layout_rooms, grunt_decor_cap
D:2:      layout_rooms, serial_shops, nicolae_lakefront_shop,
          basic_ecumenical_altar, nicolae_houndstooth_variations
D:3:      layout_basic, kennysheep_nub, ebering_dispersal_statue_hall,
          uniq_ijyb, uniq_natasha, uniq_grinder
D:4:      layout_basic, mainiacjoe_overflow_small_starburst,
          yredelemnul_altar_generic, wad_floor_pattern_untrapped, uniq_edmund
D:5:      layout_loops_corners, mainiacjoe_overflow_large_starburst,
          minmay_temple_entry_trees, hangedman_abyss_or_decor_stabs,
          uniq_blork_the_orc
D:6:      layout_basic, mainiacjoe_overflow_brackets,
          mainiacjoe_sewer_entry_somewhere_in_here_2, gammafunk_ghost_stat_death
D:7:      layout_rooms, roderic_roman_lattice, minmay_manual_mandibuliform
D:8:      layout_gridville, lemuel_tele_altar,
          mainiacjoe_ossuary_entry_dusty_tomb
D:9:      layout_roguey, chequers_temple_overflow_statue_of_worship,
          serial_shops, nicolae_shop_scrapyard, uniq_harold
Temple:   dshaligram_water_room_temple

Notes
Turn   | Place    | Note
-------+----------+-------------------------------------------
     0 | D:1      | Drazool the Djinni Fire Elementalist began the quest for
                  | the Orb.
     0 | D:1      | Drazool set off with the following spells memorised:
                  | Foxfire, Scorch, Volatile Blastmotes, Inner Flame, Flame
                  | Wave.
     0 | D:1      | Reached XP level 1. HP: 15/15 MP: 0/0
   151 | D:1      | Reached XP level 2. HP: 18/21 MP: 0/0
   514 | D:1      | Reached XP level 3. HP: 21/25 MP: 0/0
   514 | D:1      | Learned a level 1 spell: Summon Small Mammal
   752 | D:2      | Reached skill level 4 in Spellcasting
   752 | D:2      | Reached skill level 4 in Conjurations
   752 | D:2      | Reached skill level 4 in Hexes
   752 | D:2      | Reached skill level 4 in Summonings
   752 | D:2      | Reached skill level 4 in Necromancy
   752 | D:2      | Reached skill level 4 in Translocations
   752 | D:2      | Reached skill level 4 in Fire Magic
   752 | D:2      | Reached skill level 4 in Ice Magic
   752 | D:2      | Reached skill level 4 in Air Magic
   752 | D:2      | Reached skill level 4 in Earth Magic
   752 | D:2      | Reached skill level 4 in Alchemy
   755 | D:2      | Reached XP level 4. HP: 26/31 MP: 0/0
  1149 | D:2      | Found a faded altar of an unknown god.
  1264 | D:2      | Found Arietu's General Store.
  1284 | D:2      | Bought a scroll of identify for 28 gold pieces
  1333 | D:3      | Noticed Ijyb
  1341 | D:3      | Killed Ijyb
  1390 | D:3      | Noticed Grinder
  1400 | D:3      | HP: 2/31 [Grinder (6)]
  1403 | D:3      | Killed Grinder
  1404 | D:3      | Reached skill level 5 in Spellcasting
  1404 | D:3      | Reached skill level 5 in Conjurations
  1404 | D:3      | Reached skill level 5 in Hexes
  1404 | D:3      | Reached skill level 5 in Summonings
  1404 | D:3      | Reached skill level 5 in Necromancy
  1404 | D:3      | Reached skill level 5 in Translocations
  1404 | D:3      | Reached skill level 5 in Fire Magic
  1404 | D:3      | Reached skill level 5 in Ice Magic
  1404 | D:3      | Reached skill level 5 in Air Magic
  1404 | D:3      | Reached skill level 5 in Earth Magic
  1404 | D:3      | Reached skill level 5 in Alchemy
  1404 | D:3      | Reached XP level 5. HP: 8/35 MP: 0/0
  1404 | D:3      | Learned a level 2 spell: Static Discharge
  1404 | D:3      | Reached XP level 6. HP: 9/40 MP: 0/0
  1565 | D:3      | Noticed Natasha
  1570 | D:3      | Killed Natasha
  1799 | D:3      | Noticed Natasha
  1804 | D:3      | Killed Natasha
  1805 | D:3      | Reached skill level 6 in Spellcasting
  1805 | D:3      | Reached skill level 6 in Conjurations
  1805 | D:3      | Reached skill level 6 in Hexes
  1805 | D:3      | Reached skill level 6 in Summonings
  1805 | D:3      | Reached skill level 6 in Necromancy
  1805 | D:3      | Reached skill level 6 in Translocations
  1805 | D:3      | Reached skill level 6 in Fire Magic
  1805 | D:3      | Reached skill level 6 in Ice Magic
  1805 | D:3      | Reached skill level 6 in Air Magic
  1805 | D:3      | Reached skill level 6 in Earth Magic
  1805 | D:3      | Reached skill level 6 in Alchemy
  1877 | D:3      | Reached XP level 7. HP: 39/46 MP: 0/0
  1877 | D:3      | Learned a level 3 spell: Dazzling Flash
  1907 | D:3      | Noticed Natasha
  1912 | D:3      | Killed Natasha
  1913 | D:3      | Reached skill level 1 in Fighting
  2234 | D:4      | Reached skill level 2 in Fighting
  2334 | D:4      | Noticed Edmund
  2347 | D:4      | Killed Edmund
  2348 | D:4      | Reached skill level 3 in Fighting
  2415 | D:4      | Reached skill level 4 in Fighting
  2689 | D:4      | Found a basalt altar of Yredelemnul.
  2952 | D:5      | Entered Level 5 of the Dungeon
  2971 | D:5      | Found a staircase to the Ecumenical Temple.
  2980 | D:5      | Reached XP level 8. HP: 44/58 MP: 0/0
  2981 | D:5      | Reached skill level 5 in Fighting
  2989 | Temple   | Entered the Ecumenical Temple
  2998 | Temple   | Became a worshipper of Ashenzari the Shackled
  3162 | D:5      | Noticed Blork the orc
  3173 | D:5      | Killed Blork the orc
  3275 | D:5      | Found a blossoming altar of Fedhas.
  3282 | D:5      | Found a glowing golden altar of the Shining One.
  3564 | D:5      | Reached skill level 7 in Spellcasting
  3564 | D:5      | Reached skill level 7 in Conjurations
  3564 | D:5      | Reached skill level 7 in Hexes
  3564 | D:5      | Reached skill level 7 in Summonings
  3564 | D:5      | Reached skill level 7 in Necromancy
  3564 | D:5      | Reached skill level 7 in Translocations
  3564 | D:5      | Reached skill level 7 in Fire Magic
  3564 | D:5      | Reached skill level 7 in Ice Magic
  3564 | D:5      | Reached skill level 7 in Air Magic
  3564 | D:5      | Reached skill level 7 in Earth Magic
  3564 | D:5      | Reached skill level 7 in Alchemy
  3717 | D:5      | Identified the +6 hand axe "Xoekav Jurel" {flame, *Noise
                  | rF- rCorr Str+3 Dex+8}
  4190 | D:6      | Reached XP level 9. HP: 61/65 MP: 0/0
  4190 | D:6      | Learned a level 4 spell: Cause Fear
  4206 | D:6      | Reached skill level 8 in Spellcasting
  4206 | D:6      | Reached skill level 8 in Conjurations
  4206 | D:6      | Reached skill level 8 in Hexes
  4206 | D:6      | Reached skill level 8 in Summonings
  4206 | D:6      | Reached skill level 8 in Necromancy
  4206 | D:6      | Reached skill level 8 in Translocations
  4206 | D:6      | Reached skill level 8 in Fire Magic
  4206 | D:6      | Reached skill level 8 in Ice Magic
  4206 | D:6      | Reached skill level 8 in Air Magic
  4206 | D:6      | Reached skill level 8 in Earth Magic
  4206 | D:6      | Reached skill level 8 in Alchemy
  4233 | D:6      | Noticed Ekaitz's ghost (novice DsFE)
  4247 | D:6      | Reached skill level 3 in Dodging
  4465 | D:6      | Found a glowing drain.
  4484 | Sewer    | Entered a sewer
  4599 | Sewer    | Reached skill level 4 in Dodging
  4828 | D:6      | Found an iron altar of Okawaru.
  4841 | D:6      | Reached skill level 6 in Fighting
  5092 | D:6      | Found a transporter.
  5540 | D:6      | Found a transporter.
  5560 | D:6      | Killed Ekaitz's ghost
  5561 | D:6      | Reached skill level 7 in Fighting
  5561 | D:6      | Reached skill level 5 in Dodging
  5647 | D:6      | Identified the ring of Jenem {rN+ Dex+6 Slay+3}
  5779 | D:7      | Reached XP level 10. HP: 68/75 MP: 0/0
  5883 | D:7      | Reached skill level 9 in Spellcasting
  5883 | D:7      | Reached skill level 9 in Conjurations
  5883 | D:7      | Reached skill level 9 in Hexes
  5883 | D:7      | Reached skill level 9 in Summonings
  5883 | D:7      | Reached skill level 9 in Necromancy
  5883 | D:7      | Reached skill level 9 in Translocations
  5883 | D:7      | Reached skill level 9 in Fire Magic
  5883 | D:7      | Reached skill level 9 in Ice Magic
  5883 | D:7      | Reached skill level 9 in Air Magic
  5883 | D:7      | Reached skill level 9 in Earth Magic
  5883 | D:7      | Reached skill level 9 in Alchemy
  5939 | D:7      | Reached * piety under Ashenzari
  5939 | D:7      | Identified a potion of resistance
  6467 | D:8      | Found a sand-covered staircase.
  6476 | Ossuary  | Entered an ossuary
  6478 | Ossuary  | Reached ** piety under Ashenzari
  7281 | D:8      | Found a sparkling altar of Nemelex Xobeh.
  8084 | D:9      | Noticed a two-headed ogre
  8103 | D:9      | Killed a two-headed ogre
  8104 | D:9      | Reached skill level 10 in Spellcasting
  8104 | D:9      | Reached skill level 10 in Conjurations
  8104 | D:9      | Reached skill level 10 in Hexes
  8104 | D:9      | Reached skill level 10 in Summonings
  8104 | D:9      | Reached skill level 10 in Necromancy
  8104 | D:9      | Reached skill level 10 in Translocations
  8104 | D:9      | Reached skill level 10 in Fire Magic
  8104 | D:9      | Reached skill level 10 in Ice Magic
  8104 | D:9      | Reached skill level 10 in Air Magic
  8104 | D:9      | Reached skill level 10 in Earth Magic
  8104 | D:9      | Reached skill level 10 in Alchemy
  8171 | D:9      | Noticed Harold
  8185 | D:9      | Slain by Harold

Vanquished Creatures
  A two-headed ogre (D:9)
  The ghost of Ekaitz the Firebug, a novice DsFE of Uskayaw (D:6)
  Grinder (D:3)
  A wyvern (D:7)
  A vampire (D:7)
  Edmund (D:4)
  A water moccasin (D:7)
  An ice beast (D:5)
  An orc warrior (D:6)
  2 sky beasts
  3 black bears
  2 ogres
  3 kobold brigands
  An elf zombie (Ossuary)
  Blork the orc (D:5)
  4 bullfrogs
  5 scorpions
  5 wights (D:8)
  A howler monkey (D:5)
  A jelly (D:8)
  3 quasits (D:6)
  3 human zombies (Ossuary)
  A centaur zombie (Ossuary)
  3 hounds
  3 orc priests
  3 iguanas
  2 sleepcaps (D:5)
  Ijyb (D:3)
  8 orc wizards
  Natasha (thrice) (D:3)
  2 mummies (Ossuary)
  6 adders
  3 worms
  2 dart slugs
  14 orcs
  5 endoplasms
  7 giant cockroaches
  6 goblins
  10 hobgoblins
  6 jackals
  4 quokkas
  11 ball pythons
  10 bats
  6 frilled lizards
  2 goblin zombies (Ossuary)
  11 hobgoblin zombies (Ossuary)
  11 kobolds
  11 kobold zombies (Ossuary)
  6 orc zombies (Ossuary)
  9 rats
  2 rat zombies (Ossuary)
211 creatures vanquished.

Vanquished Creatures (collateral kills)
  2 foxfires (Sewer)
2 creatures vanquished.

Vanquished Creatures (others)
  732 foxfires
732 creatures vanquished.

Grand Total: 945 creatures vanquished

Table legend: (Time is in decaauts)
 A = Elapsed time spent in this place.
 B = Non-inter-level travel time spent in this place.
 C = Inter-level travel time spent in this place.
 D = Time resting spent in this place.
 E = Time spent auto-exploring this place.
 F = Levels seen in this place.
 G = Mean time per level.
                   A        B        C        D        E       F      G
               +--------+--------+--------+--------+--------+-----+--------+
         Total |   8182 |   7915 |    267 |    442 |   5938 |  12 |  681.8 |
       Dungeon |   7276 |   7018 |    258 |    278 |   5544 |   9 |  808.4 |
        Temple |     18 |      9 |      9 |      0 |      0 |   1 |   18.0 |
         Sewer |    307 |    307 |      0 |      0 |    226 |   1 |  307.0 |
       Ossuary |    578 |    578 |      0 |    164 |    168 |   1 |  578.0 |
               +--------+--------+--------+--------+--------+-----+--------+

Top non-repeatable levels by time:
     D:6: 1288 daAuts
     D:5: 1202 daAuts
     D:8: 1070 daAuts
     D:2: 775 daAuts
     D:3: 769 daAuts
     D:4: 739 daAuts
     D:1: 667 daAuts
     D:7: 650 daAuts
 Ossuary: 578 daAuts
   Sewer: 307 daAuts
     D:9: 113 daAuts
  Temple: 18 daAuts

Table legend:
 A = Non-vault XP
 B = Vault XP
 C = Vault XP percentage of total XP
 D = Non-vault monster count
 E = Vault monster count
 F = Vault count percentage of total count
                 A         B        C        D         E       F
            +---------+---------+-------+---------+---------+-------
      Total |    4504 |    2312 |  33.9 |     130 |      81 |  38.4
            +---------+---------+-------+---------+---------+-------
        D:1 |      40 |       0 |   0.0 |      25 |       0 |   0.0
        D:2 |      52 |       0 |   0.0 |      14 |       0 |   0.0
        D:3 |     124 |     346 |  73.6 |      19 |       3 |  13.6
        D:4 |     266 |     173 |  39.4 |      14 |       1 |   6.7
        D:5 |     838 |      90 |   9.7 |      12 |       1 |   7.7
        D:6 |     926 |     698 |  43.0 |      18 |      10 |  35.7
        D:7 |     694 |     517 |  42.7 |       5 |       5 |  50.0
        D:8 |     742 |       0 |   0.0 |      22 |       0 |   0.0
        D:9 |     822 |       0 |   0.0 |       1 |       0 |   0.0
      Sewer |       0 |     145 | 100.0 |       0 |      22 | 100.0
    Ossuary |       0 |     343 | 100.0 |       0 |      39 | 100.0
            +---------+---------+-------+---------+---------+-------
